 Dungeon Crawl Stone Soup version 0.26-a0-450-ge645bd1 (webtiles) character file.

Game seed: 3126326596769192001

1591 Crimsoncloak the Digger (level 8, 0/60 HPs)
             Began as a Gnoll Earth Elementalist on July 28, 2020.
             Slain by an orc wizard
             ... wielding a +2 dagger of venom
              (4 damage)
             ... on level 6 of the Dungeon.
             The game lasted 00:15:07 (7820 turns).

Crimsoncloak the Digger (Gnoll Earth Elementalist)  Turns: 7820, Time: 00:15:08

Health: 0/60       AC:  5    Str:  7    XL:     8   Next: 93%
Magic:  0/17       EV: 16    Int: 20    God:
Gold:   265        SH:  5    Dex: 15    Spells: 15/19 levels left

rFire    + + +     SeeInvis .   e - +3 dagger of the Crawling Thing {freeze, rElec rPois rF+++ Str-4}
rCold    . . .     Faith    .   (no shield)
rNeg     . . .     Spirit   .   C - +2 robe {MR+}
rPois    +         Reflect  +   (no helmet)
rElec    +         Harm     .   (no cloak)
rCorr    .                      u - +0 pair of gloves
MR       +....                  (no boots)
Stlth    +++.......             A - amulet of reflection
HPRegen  0.20/turn              l - ring of wizardry
MPRegen  0.15/turn              (no ring)

@: lethally poisoned (0 -> -5)
A: distributed training, fangs 1, strong nose
a: no special abilities


You were on level 6 of the Dungeon.
You visited 1 branch of the dungeon, and saw 7 of its levels.

You collected 265 gold pieces.

Inventory:

Hand Weapons
 e - the +3 dagger of the Crawling Thing (weapon) {freeze, rElec rPois rF+++ Str-4}
   (You found it on level 5 of the Dungeon)

   It has been specially enchanted to freeze those struck by it, causing extra
   injury to most foes and up to half again as much damage against particularly
   susceptible opponents.
   It can also slow down cold-blooded creatures.
   It affects your strength (-4).
   It renders you almost immune to fire.
   It insulates you from electricity.
   It protects you from poison.
Missiles
 b - 107 stones
 x - 19 poisoned darts (quivered)
 z - 44 sling bullets
Armour
 u - a +0 pair of gloves (worn)
 C - a +2 robe of magic resistance (worn)
Jewellery
 l - a ring of wizardry (left hand)
 A - an amulet of reflection (around neck)
Wands
 w - a wand of iceblast (7)
 B - a wand of paralysis (14)
Scrolls
 a - 2 scrolls of teleportation
 c - a scroll of immolation {unknown}
 f - 3 scrolls of magic mapping
 g - a scroll of holy word {unknown}
 h - a scroll of amnesia {unknown}
 i - a scroll of blinking {unknown}
 m - a scroll of fog {unknown}
 o - 2 scrolls of noise {unknown}
 q - 4 scrolls of remove curse
 y - 2 scrolls of enchant weapon {unknown}
 E - a scroll of identify {unknown}
Potions
 d - a potion of berserk rage {unknown}
 j - 3 potions of flight {unknown}
 k - 3 potions of degeneration {unknown}
 n - a potion of haste {unknown}
 p - 3 potions of curing
 r - 2 potions of stabbing {unknown}
 s - a potion of heal wounds {unknown}
 t - a potion of ambrosia {unknown}
 v - 2 potions of might {unknown}
 D - a potion of resistance {unknown}


   Skills:
 + Level 3.7 Fighting
 + Level 3.7 Short Blades
 + Level 3.7 Long Blades
 + Level 3.7 Axes
 + Level 3.7 Maces & Flails
 + Level 3.7 Polearms
 + Level 3.7 Staves
 + Level 3.7 Slings
 + Level 3.7 Bows
 + Level 3.7 Crossbows
 + Level 3.7 Throwing
 + Level 3.7 Armour
 + Level 5.9 Dodging
 + Level 5.6 Stealth
 + Level 3.7 Shields
 + Level 3.7 Unarmed Combat
 + Level 6.3 Spellcasting
 + Level 3.0 Conjurations
 + Level 3.0 Hexes
 + Level 3.0 Summonings
 + Level 3.0 Necromancy
 + Level 3.0 Translocations
 + Level 3.7 Transmutations
 + Level 3.0 Fire Magic
 + Level 3.0 Ice Magic
 + Level 3.0 Air Magic
 + Level 6.3 Earth Magic
 + Level 3.0 Poison Magic
 + Level 4.0 Invocations
 + Level 3.7 Evocations


You had 15 spell levels left.
You knew the following spells:

 Your Spells              Type           Power        Failure   Level
a - Sandblast             Erth           ####..       1%          1
b - Stone Arrow           Conj/Erth      ####..       1%          3

Your spell library contained the following spells:

 Spells                   Type           Power        Failure   Level
 Magic Dart               Conj           ###.         1%          1
 Blink                    Tloc           N/A          1%          2
 Call Imp                 Summ           ###.....     1%          2
 Passwall                 Tmut/Erth      ####....     1%          2
 Slow                     Hex            ###.....     1%          2
 Conjure Flame            Conj/Fire      ###.....     3%          3
 Mephitic Cloud           Conj/Pois/Air  ###.....     3%          3
 Petrify                  Tmut/Erth      ####....     5%          4
 Lee's Rapid Deconstruct  Erth           ####......   9%          5


Dungeon Overview and Level Annotations

Branches:
Dungeon (7/15)
 Temple: D:4-7

Altars:
Fedhas
Makhleb
Okawaru
Ru
Trog
The Shining One


Innate Abilities, Weirdness & Mutations

Your experience applies equally to all skills.
You have very sharp teeth.
Your uncanny sense of smell can sniff out nearby items.


Message History

A puff of flame appears from out of thin air!
The puff of flame misses you.
Casting: Sandblast (safe; 1% risk of failure)
Confirm with . or Enter, or press ? or * to list all spells.
You don't have enough magic to cast that spell.
Casting: Sandblast (safe; 1% risk of failure)
Confirm with . or Enter, or press ? or * to list all spells.
You don't have enough magic to cast that spell.
You completely miss something. Something hits you.
* * * LOW HITPOINT WARNING * * *
You are lethally poisoned!
You miss something.
* * * LOW HITPOINT WARNING * * *
You feel sick.
You hear some strange, mumbled words.
A puff of flame appears from out of thin air!
The puff of flame hits you. You resist.
* * * LOW HITPOINT WARNING * * *
Something hits you.
You die...

##.......#####..........## ####
#......#.#.........###..#
.....##....###....## #..#
.##.###)....))...## #.##
........####.#...# ###.#
..#.########.#..####...# .##.#
#......###..#.##
....######.#....#{......#
###...........<.@>......####
##...(.....##...#.<.......#
##..........##.#...........#
##...#.##...#..###.........#
.......#......####..[....>.#
..#.#.#.....###....#.##....#
#.......##### #.###........#
..#.....# #####.###.#.....##
......#####.....##..####...######


There were no monsters in sight!

Vanquished Creatures
  Sigmund (D:5)
  2 phantoms (D:6)
  A black bear (D:6)
  An ogre (D:4)
  A centaur (D:5)
  Blork the orc (D:5)
  A big kobold (D:4)
  A scorpion (D:4)
  3 wights (D:6)
  A killer bee (D:6)
  A howler monkey (D:6)
  A centaur zombie (D:4)
  2 quasits (D:5)
  3 hounds
  An orc priest (D:6)
  3 orc wizards
  A bullfrog skeleton (D:6)
  3 worker ants
  A killer bee zombie (D:7)
  A hound skeleton (D:7)
  8 adders
  A white imp (D:6)
  2 worms (D:3)
  2 dart slugs
  4 leopard geckos
  14 orcs
  2 ball pythons (D:2)
  8 bats
  6 giant cockroaches
  9 goblins
  8 hobgoblins
  10 kobolds
  A quokka (D:2)
  6 frilled lizards
  2 quokka skeletons
  9 rats
  A bush (D:4)
  A plant (D:4)
124 creatures vanquished.

Notes
Turn   | Place    | Note
-------+----------+-------------------------------------------
     0 | D:1      | Crimsoncloak the Gnoll Earth Elementalist began the quest
                  | for the Orb.
     0 | D:1      | Reached XP level 1. HP: 13/13 MP: 6/6
   420 | D:1      | Reached XP level 2. HP: 9/19 MP: 5/7
  1312 | D:2      | Reached XP level 3. HP: 18/25 MP: 9/9
  1344 | D:2      | Reached skill level 5 in Spellcasting
  1529 | D:2      | Reached skill level 1 in Invocations
  1567 | D:2      | Reached skill level 1 in Fighting
  1567 | D:2      | Reached skill level 1 in Short Blades
  1567 | D:2      | Reached skill level 1 in Long Blades
  1567 | D:2      | Reached skill level 1 in Axes
  1567 | D:2      | Reached skill level 1 in Maces & Flails
  1567 | D:2      | Reached skill level 1 in Polearms
  1567 | D:2      | Reached skill level 1 in Staves
  1567 | D:2      | Reached skill level 1 in Slings
  1567 | D:2      | Reached skill level 1 in Bows
  1567 | D:2      | Reached skill level 1 in Crossbows
  1567 | D:2      | Reached skill level 1 in Throwing
  1567 | D:2      | Reached skill level 1 in Armour
  1567 | D:2      | Reached skill level 1 in Shields
  1567 | D:2      | Reached skill level 1 in Unarmed Combat
  1567 | D:2      | Reached skill level 1 in Evocations
  1697 | D:2      | Reached XP level 4. HP: 32/32 MP: 9/11
  2088 | D:2      | Found a glowing golden altar of the Shining One.
  2251 | D:3      | Reached skill level 1 in Conjurations
  2251 | D:3      | Reached skill level 1 in Hexes
  2251 | D:3      | Reached skill level 1 in Summonings
  2251 | D:3      | Reached skill level 1 in Necromancy
  2251 | D:3      | Reached skill level 1 in Translocations
  2251 | D:3      | Reached skill level 1 in Fire Magic
  2251 | D:3      | Reached skill level 1 in Ice Magic
  2251 | D:3      | Reached skill level 1 in Air Magic
  2251 | D:3      | Reached skill level 1 in Poison Magic
  3059 | D:3      | Reached XP level 5. HP: 19/37 MP: 9/12
  3622 | D:3      | Learned a level 3 spell: Stone Arrow
  3925 | D:4      | Reached XP level 6. HP: 19/44 MP: 0/13
  4135 | D:4      | Reached skill level 5 in Dodging
  4396 | D:4      | Found a bloodstained altar of Trog.
  4400 | D:4      | Found a burning altar of Makhleb.
  4407 | D:4      | Found a glowing golden altar of the Shining One.
  4421 | D:4      | Found an iron altar of Okawaru.
  4434 | D:4      | Found a sacrificial altar of Ru.
  5231 | D:4      | Reached XP level 7. HP: 50/50 MP: 12/15
  5334 | D:5      | Entered Level 5 of the Dungeon
  5342 | D:5      | Got an ancient dagger
  5344 | D:5      | Identified the cursed +3 dagger of the Crawling Thing
                  | {freeze, rElec rPois rF+++ Str-4} (You found it on level 5
                  | of the Dungeon)
  5670 | D:5      | Noticed Sigmund
  5686 | D:5      | Killed Sigmund
  5686 | D:5      | Reached skill level 5 in Stealth
  6153 | D:5      | Noticed Blork the orc
  6162 | D:5      | Killed Blork the orc
  6162 | D:5      | Reached XP level 8. HP: 51/57 MP: 0/16
  7278 | D:6      | Found a blossoming altar of Fedhas.
  7814 | D:6      | HP: 1/59 [killer bee (8)]
  7820 | D:6      | Slain by an orc wizard

Illustrated notes

Levels and vault maps discovered:
D:1:      heliophobic_arrival_dark_side_of_the_moon, layout_basic,
          hex_intersection
D:2:      layout_basic, nicolae_tso_swordbearing_angel
D:3:      layout_loops_ring
D:4:      layout_loops_ring, minmay_overflow_temple_star_hex,
          serial_bayou_pond_c, grunt_ministairs_9, lexackson_kobold_supper
D:5:      layout_cave_pools, uniq_blork_the_orc, uniq_sigmund
D:6:      layout_rooms, kennysheep_diamond
D:7:      layout_loops_ring, minmay_temple_entry_sparse_star, fedhas_altar_4

Skill      XL: |  1  2  3  4  5  6  7  8 |
---------------+-------------------------+-----
Transmutations | 2 3 |  3.7
Spellcasting   | 5 6 |  6.3
Invocations    | 1 2 3 4 |  4.0
Fighting       | 1 2 3 |  3.7
Short Blades   | 1 2 3 |  3.7
Long Blades    | 1 2 3 |  3.7
Axes           | 1 2 3 |  3.7
Maces & Flails | 1 2 3 |  3.7
Polearms       | 1 2 3 |  3.7
Staves         | 1 2 3 |  3.7
Slings         | 1 2 3 |  3.7
Bows           | 1 2 3 |  3.7
Crossbows      | 1 2 3 |  3.7
Throwing       | 1 2 3 |  3.7
Armour         | 1 2 3 |  3.7
Shields        | 1 2 3 |  3.7
Unarmed Combat | 1 2 3 |  3.7
Evocations     | 1 2 3 |  3.7
Conjurations   | 1 2 3 |  3.0
Hexes          | 1 2 3 |  3.0
Summonings     | 1 2 3 |  3.0
Necromancy     | 1 2 3 |  3.0
Translocations | 1 2 3 |  3.0
Fire Magic     | 1 2 3 |  3.0
Ice Magic      | 1 2 3 |  3.0
Air Magic      | 1 2 3 |  3.0
Poison Magic   | 1 2 3 |  3.0
Dodging        | 5 |  5.9
Stealth        | 5 |  5.6
Earth Magic    | 6 |  6.3

Action                   |  1- 3 |  4- 6 |  7- 9 || total
-------------------------+-------+-------+-------++-------
Melee: Mace              |    38 |    24 |       ||    62
       Bite              |     1 |    19 |     5 ||    25
       Flail             |       |   105 |       ||   105
       Dagger            |       |       |    75 ||    75
 Cast: Sandblast         |    33 |    44 |    50 ||   127
       Stone Arrow       |       |    13 |    44 ||    57
  Use: Scroll            |       |       |     4 ||     4
       Potion            |       |       |     1 ||     1
 Stab: Sleeping          |     2 |     6 |       ||     8
Armor: Robe              |    10 |     9 |    14 ||    33
Dodge: Dodged            |    58 |    49 |    72 ||   179
Block: Other             |       |    10 |    30 ||    40
       Reflection        |       |     1 |     1 ||     2

Table legend: (Time is in decaauts)
 A = Elapsed time spent in this place.
 B = Non-inter-level travel time spent in this place.
 C = Inter-level travel time spent in this place.
 D = Time resting spent in this place.
 E = Time spent auto-exploring this place.
 F = Levels seen in this place.
 G = Mean time per level.
                   A        B        C        D        E       F      G
               +--------+--------+--------+--------+--------+-----+--------+
         Total |   7872 |   7634 |    238 |   2541 |   3783 |   7 | 1124.6 |
       Dungeon |   7872 |   7634 |    238 |   2541 |   3783 |   7 | 1124.6 |
               +--------+--------+--------+--------+--------+-----+--------+

Top non-repeatable levels by time:
     D:4: 1679 daAuts
     D:3: 1469 daAuts
     D:5: 1451 daAuts
     D:1: 1317 daAuts
     D:6: 997 daAuts
     D:2: 932 daAuts
     D:7: 25 daAuts
